 Dungeon Crawl Stone Soup version 0.30-a0-121-gb27577e5d9 (webtiles) character file.

Game seed: 10760850508700733976

148 greasedhog the Trooper (level 5, -3/35 HPs)
             Began as a Gargoyle Chaos Knight on Sept 15, 2022.
             Was a Plaything of Xom.
             Slain by a gnoll
             ... wielding a +0 club
             ... led by a gnoll bouda
              (4 damage)
             ... on level 2 of the Dungeon.
             The game lasted 00:03:04 (1984 turns).

greasedhog the Trooper (Gargoyle Chaos Knight)      Turns: 1984, Time: 00:03:05

Health: -3/35      AC: 14    Str: 16 (17) XL:     5   Next: 30%
Magic:  5/5        EV:  6    Int: 15 (16) God:    Xom [......]
Gold:   54         SH:  2    Dex:  5 (6)  Spells: 4/4 levels left

rFire   + + +      SeeInvis .    a - +0 mace (chaos)
rCold   + . .      Faith    .    g - +0 buckler
rNeg    + . .      Spirit   .    r - +2 chain mail {rF+}
rPois   ∞          Reflect  .    m - +0 hat
rElec   +          Harm     .    h - scarf {repulsion}
rCorr   +          Rampage  .    (no gloves)
Will    .....                    (no boots)
Stlth   ..........               (no amulet)
HPRegen 0.11/turn                n - ring of protection from fire
MPRegen 0.09/turn                (no ring)

@: resistant, flying, hasted and slowed, invisible, repel missiles
A: sickness immunity, AC +4, negative energy resistance 1, electricity
resistance, torment resistance 1, petrification resistance, big wings, horns 1,
clever 1, clumsy 1, deterioration 1
a: Renounce Religion


You were on level 2 of the Dungeon.
You worshipped Xom.
You were a very special plaything of Xom.
You visited 1 branch of the dungeon, and saw 3 of its levels.

You collected 204 gold pieces.
You spent 150 gold pieces at shops.

Inventory:

Hand Weapons
 a - a +0 mace of chaos (weapon)
Armour
 g - a +0 buckler (worn)
 h - a scarf of repulsion (worn)
 m - a +0 hat (worn)
 r - a +2 chain mail of fire resistance (worn)
Jewellery
 n - a ring of protection from fire (left hand)
Scrolls
 d - 2 scrolls of identify
 f - 2 scrolls of teleportation
 j - a scroll of enchant weapon
 l - a scroll of amnesia
Potions
 b - 2 potions of flight
 k - a potion of heal wounds {unknown}
 o - a potion of degeneration {unknown}
 q - a potion of invisibility
Miscellaneous
 c - a piece from Xom's chessboard (15/15) (quivered)


   Skills:
 - Level 5.0 Fighting
 * Level 4.6 Maces & Flails
 * Level 2.2 Armour
 - Level 0.7 Dodging


You had 4 spell levels left.
You didn't know any spells.
Your spell library was empty.

Dungeon Overview and Level Annotations

Branches:
Dungeon (3/15)

Altars:

Shops:
D:3 [


Innate Abilities, Weirdness & Mutations

You are immune to sickness and miasma.
Your stone body is resilient. (AC +4)
You are immune to poison.
You resist negative energy. (rN+)
You are resistant to electric shocks. (rElec)
You are resistant to unholy torment.
You are immune to petrification.
Your large and strong wings let you fly.
You have a pair of small horns on your head.
Your mind is acute. (Int +4, Str/Dex -1)
You are clumsy. (Dex -2)
Your body sometimes deteriorates upon taking damage.


Message History

You hit the gnoll bouda. Your headbutt misses the gnoll bouda.
The gnoll bouda is heavily wounded.
You are engulfed in seething chaos.
The gnoll hits you but does no damage.
The gnoll bouda hits you with a +0 whip!
* * * LOW HITPOINT WARNING * * *
A shower of butterflies erupts from you!
The gnoll hits you but does no damage. You block the gnoll bouda's attack.
Okay, then.
It was a potion of curing.
You feel better.
Xom thinks this is hilarious!
You are engulfed in seething chaos.
You feel as though you will be slow longer.
The gnoll hits you but does no damage.
The gnoll bouda hits you with a +0 whip.
* * * LOW HITPOINT WARNING * * *
It was a potion of invisibility.
You fade into invisibility!
Xom roars with laughter!
The gnoll completely misses you.
The gnoll bouda hits you but does no damage.
You block the gnoll bouda's attack. The gnoll hits you but does no damage.
You barely miss the gnoll bouda.
The gnoll bouda is almost dead.
Your attacks no longer feel as feeble.
The gnoll barely misses you.
The gnoll bouda hits you with a +0 whip.
* * * LOW HITPOINT WARNING * * *
The gnoll bouda hits you but does no damage.
The gnoll hits you but does no damage.
You feel better.
You feel as though you will be slow longer.
The gnoll is no longer moving quickly.
The gnoll bouda looks more healthy.
The gnoll hits you with a +0 club.
* * * LOW HITPOINT WARNING * * *
The gnoll bouda hits you with a +0 whip.
* * * LOW HITPOINT WARNING * * *
It was a potion of resistance.
You feel protected.
You feel yourself speed up. The gnoll hits you with a +0 club.
You die...

####### ####### #.....#
......# #.###.# ......#
#..<#.#
......################.##
........#...............#
........#.###############
............b..g@g.b....#
####....#.############.##
#......#.# #.....#
#...####.# #.##### #...#
#(##### #.# #...# #.....#
#.# #...########.# #.#
####.......#.# #.#
#.#####.#.# #.#


You could see a gnoll bouda (strong, unable to see you, ally target) and a gnoll
(unable to see you).

Vanquished Creatures
  A scorpion (D:3)
  4 adders
  4 endoplasms
  5 giant cockroaches
  4 goblins (D:1)
  7 hobgoblins
  4 jackals (D:3)
  2 quokkas
  6 ball pythons
  A bat (D:1)
  3 frilled lizards
  4 kobolds
  2 rats (D:1)
47 creatures vanquished.

Vanquished Creatures (others)
  16 plants (D:3)
  4 toadstools (D:1)
20 creatures vanquished.

Grand Total: 67 creatures vanquished

Notes
Turn   | Place    | Note
-------+----------+-------------------------------------------
     0 | D:1      | greasedhog the Gargoyle Chaos Knight began the quest for
                  | the Orb.
     0 | D:1      | Reached XP level 1. HP: 14/14 MP: 1/1
    22 | D:1      | XOM: butterfly on damage
    39 | D:1      | XOM: divination: magic mapping
   138 | D:1      | XOM: divination: magic mapping
   277 | D:1      | Reached XP level 2. HP: 19/19 MP: 2/2
   396 | D:1      | XOM: scenery: summon butterflies
   550 | D:1      | XOM: give mutation
   550 | D:1      | Gained mutation: Your spells are a little harder to cast,
                  | but a little more powerful. [Xom's grace]
   713 | D:1      | Reached XP level 3. HP: 22/24 MP: 3/3
   856 | D:1      | XOM: give mutations
   856 | D:1      | Gained mutation: Your mind is acute. (Int +4, Str/Dex -1)
                  | [Xom's grace]
   856 | D:1      | Gained mutation: You have a pair of small horns on your
                  | head. [Xom's grace]
   856 | D:1      | Gained mutation: Your large and strong wings let you fly.
                  | [Xom's grace]
   902 | D:2      | Reached skill level 4 in Fighting
  1417 | D:2      | XOM: god gift: 52 gold pieces
  1431 | D:2      | XOM: god gift: 37 gold pieces
  1477 | D:2      | Reached XP level 4. HP: 30/30 MP: 4/4
  1487 | D:2      | XOM: stat loss: -1 Int (15/16)
  1550 | D:2      | XOM: give mutations
  1550 | D:2      | Gained mutation: Your body sometimes deteriorates upon
                  | taking damage. [Xom's mischief]
  1550 | D:2      | Lost mutation: Your spells are a little harder to cast, but
                  | a little more powerful. [Xom's mischief]
  1550 | D:2      | Gained mutation: You are clumsy. (Dex -2) [Xom's mischief]
  1654 | D:3      | Found Gudem's Antique Armour Emporium.
  1673 | D:3      | Bought a runed chain mail for 150 gold pieces
  1710 | D:3      | Noticed a scorpion
  1735 | D:3      | Killed a scorpion
  1736 | D:3      | Reached skill level 5 in Fighting
  1736 | D:3      | Reached XP level 5. HP: 10/35 MP: 5/5
  1751 | D:3      | Found a faded altar of an unknown god.
  1967 | D:3      | XOM: chaos cloud
  1969 | D:3      | XOM: enchant monster (bad)
  1976 | D:2      | XOM: chaos cloud
  1979 | D:2      | XOM: butterfly on damage
  1982 | D:2      | HP: 1/35 [gnoll bouda/+0 whip (3)]
  1984 | D:2      | Slain by a gnoll

Illustrated notes

Levels and vault maps discovered:
D:1:      ldierk_walled_garden_2, layout_basic
D:2:      layout_basic
D:3:      layout_rooms, nicolae_elyvilon_peaceful_grove,
          nicolae_ecumenical_pavilion, serial_shops, shop, shop_statue, shop,
          minmay_liquid_box, nicolae_grassy_gnolls

Skill      XL: |  1  2  3  4 |
---------------+-------------+-----
Fighting       | 4 5 |  5.0
Maces & Flails | 4 |  4.6
Armour         | |  2.2
Dodging        | |  0.7

Action                   |  1- 3 |  4- 6 || total
-------------------------+-------+-------++-------
Melee: Mace              |    89 |    62 ||   151
       Headbutt          |     3 |     3 ||     6
  Use: Scroll            |     2 |     2 ||     4
       Potion            |       |     4 ||     4
Armor: Leather armour    |    19 |       ||    19
       Ring mail         |    20 |       ||    20
       Chain mail        |    11 |    55 ||    66
Dodge: Dodged            |    46 |    19 ||    65
Block: Buckler           |    11 |    12 ||    23

Table legend: (Time is in decaauts)
 A = Elapsed time spent in this place.
 B = Non-inter-level travel time spent in this place.
 C = Inter-level travel time spent in this place.
 D = Time resting spent in this place.
 E = Time spent auto-exploring this place.
 F = Levels seen in this place.
 G = Mean time per level.
                   A        B        C        D        E       F      G
               +--------+--------+--------+--------+--------+-----+--------+
         Total |   2025 |   1967 |     58 |    190 |   1328 |   3 |  675.0 |
       Dungeon |   2025 |   1967 |     58 |    190 |   1328 |   3 |  675.0 |
               +--------+--------+--------+--------+--------+-----+--------+

Top non-repeatable levels by time:
     D:2: 901 daAuts
     D:1: 886 daAuts
     D:3: 238 daAuts
